 Dungeon Crawl Stone Soup version 0.27-a0-1324-ge0d8e047f6 (webtiles) character file.

Game seed: 15072541139894944982

668 pokeman the Thaumaturge (level 7, 0/40 HPs)
             Began as a Deep Elf Hedge Wizard on June 23, 2021.
             Slain by a two-headed ogre (19 damage)
             ... on level 5 of the Dungeon.
             The game lasted 00:10:47 (5582 turns).

pokeman the Thaumaturge (Deep Elf Hedge Wizard)     Turns: 5582, Time: 00:10:48

Health: 0/40       AC:  5    Str:  7    XL:     7   Next: 32%
Magic:  8/20       EV: 12    Int: 21    God:
Gold:   195        SH:  0    Dex: 20    Spells: 11/22 levels left

rFire    . . .     SeeInvis .   x - +1 falchion (freeze)
rCold    . . .     Faith    .   (no shield)
rNeg     . . .     Spirit   .   o - +0 leather armour
rPois    +         Reflect  .   c - +0 hat
rElec    .         Harm     .   (no cloak)
rCorr    .         Rampage  .   g - +0 pair of gloves
Will     .....                  r - +0 pair of boots
Stlth    ++........             (no amulet)
HPRegen  0.13/turn              j - ring of poison resistance
MPRegen  0.17/turn              a - +6 ring of dexterity

@: no status effects
A: no striking features
a: no special abilities


You were on level 5 of the Dungeon.
You visited 1 branch of the dungeon, and saw 5 of its levels.

You collected 195 gold pieces.

Inventory:

Hand Weapons
 x - a +1 falchion of freezing (weapon)
Missiles
 e - 49 bolts
 n - 39 arrows
Armour
 c - a +0 hat (worn)
 g - a +0 pair of gloves (worn)
 o - a +0 leather armour (worn)
 r - a +0 pair of boots (worn)
Jewellery
 a - a +6 ring of dexterity (right hand)
 j - a ring of poison resistance (left hand)
 q - a ring of see invisible
Wands
 w - a wand of flame (6)
 y - a wand of polymorph (4)
Scrolls
 b - a scroll of enchant armour {unknown}
 d - 5 scrolls of identify {unknown}
 h - a scroll of fear {unknown}
 i - a scroll of teleportation {unknown}
 k - 2 scrolls of enchant weapon {unknown}
 m - 2 scrolls of amnesia {unknown}
 p - a scroll of silence {unknown}
 t - a scroll of noise {unknown}
 v - a scroll of blinking {unknown}
Potions
 f - 2 potions of flight {unknown}
 l - a potion of haste {unknown}
 s - 2 potions of curing {unknown}
 u - a potion of ambrosia {unknown}
 z - a potion of lignification {unknown}


   Skills:
 - Level 2.0 Fighting
 + Level 1.8 Armour
 - Level 3.0 Dodging
 - Level 3.0 Stealth
 * Level 8.0 Spellcasting
 + Level 3.8 Conjurations
 - Level 1.1 Summonings
 - Level 1.1 Translocations
 + Level 1.2 Fire Magic
 - Level 1.0 Air Magic
 - Level 1.0 Poison Magic
 - Level 1.0 Evocations


You had 11 spell levels left.
You knew the following spells:

 Your Spells              Type           Power      Damage    Failure   Level
a - Magic Dart            Conj           96%        1d7       2%          1
b - Mephitic Cloud        Conj/Pois/Air  16%        N/A       16%         3
c - Call Imp              Summ           13%        N/A       11%         2
d - Blink                 Tloc           N/A        N/A       11%         2
e - Conjure Flame         Conj/Fire      19%        6-21      12%         3

Your spell library contained the following spells:

 Spells                   Type           Power      Damage    Failure   Level
 Slow                     Hex            8%         N/A       17%         2


Dungeon Overview and Level Annotations

Branches:
Dungeon (5/15)
 Temple: D:4-7

Altars:
Dithmenos
Elyvilon
Kikubaaqudgha
Xom


Message History

Aiming: Magic Dart (safe; 2% risk of failure)
Press: ? - help, Shift-Dir - straight line, f - quokka
Aim: a quokka (100% to hit)
The magic dart hits the quokka!
You kill the quokka!
Casting: Magic Dart (safe; 2% risk of failure)
Confirm with . or Enter, or press ? or * to list all spells.
You can't see any susceptible monsters within range! (Use Z to cast anyway.) Unknown command.
Casting: Magic Dart (safe; 2% risk of failure)
Confirm with . or Enter, or press ? or * to list all spells.
You can't see any susceptible monsters within range! (Use Z to cast anyway.) Unknown command.
d - 5 scrolls labelled XUCET MIVOIHESO (gained 1)
A two-headed ogre comes into view. It is wielding two +0 giant clubs.
The two-headed ogre shouts in stereo!
Casting: Magic Dart (safe; 2% risk of failure)
Confirm with . or Enter, or press ? or * to list all spells.
The fire begins to smoulder!
The fire ignites!
Casting: Conjure Flame (dangerous; 12% risk of failure)
Confirm with . or Enter, or press ? or * to list all spells.
The fire begins to smoulder!
The fire ignites!
Casting: Conjure Flame (dangerous; 12% risk of failure)
Confirm with . or Enter, or press ? or * to list all spells.
The fire begins to smoulder!
The fire ignites!
Casting: Conjure Flame (dangerous; 12% risk of failure)
Confirm with . or Enter, or press ? or * to list all spells.
A beastly little devil appears in a puff of flame.
The two-headed ogre is engulfed in blazing flames.
Casting: Call Imp (safe; 11% risk of failure)
Confirm with . or Enter, or press ? or * to list all spells.
A beastly little devil appears in a puff of flame.
The two-headed ogre is engulfed in blazing flames. x2
The two-headed ogre hits you with a +0 giant club!!
Ouch! That really hurt!
The two-headed ogre hits you with a +0 giant club!!
You die...

.........#
#.###.#.....
#.....###.#
#.##...#
#.......(###.###.##
##............# #.#
#.###.....###.#####
#.# #.........# #.#
#.# #####.5...# #.#
#. ##.5.###..####
##@O§§.......
#.####...### #..
#.# #.## # #.# ..#
###


You could see a two-headed ogre (ally target) and 2 friendly crimson imps.

Vanquished Creatures
  An ogre (D:4)
  A centaur zombie (D:5)
  3 orc priests (D:5)
  2 iguanas (D:5)
  Jessica (D:2)
  An orc wizard (D:3)
  A howler monkey zombie (D:5)
  6 gnolls
  8 adders
  3 dart slugs
  16 orcs
  5 ball pythons
  5 endoplasms
  4 giant cockroaches
  7 hobgoblins
  12 jackals
  7 kobolds
  3 quokkas
  4 bats
  3 frilled lizards
  2 goblins
  5 rats
100 creatures vanquished.

Vanquished Creatures (collateral kills)
  Edmund (D:4)
  A gnoll (D:3)
  2 orcs (D:3)
4 creatures vanquished.

Grand Total: 104 creatures vanquished

Notes
Turn   | Place    | Note
-------+----------+-------------------------------------------
     0 | D:1      | pokeman the Deep Elf Hedge Wizard began the quest for the
                  | Orb.
     0 | D:1      | Reached XP level 1. HP: 10/10 MP: 7/7
   396 | D:1      | Reached XP level 2. HP: 16/16 MP: 1/9
   587 | D:1      | Found a faded altar of an unknown god.
  1159 | D:2      | Reached skill level 5 in Spellcasting
  1160 | D:2      | Noticed Jessica
  1163 | D:2      | Killed Jessica
  1164 | D:2      | Reached skill level 1 in Fighting
  1164 | D:2      | Reached skill level 1 in Armour
  1164 | D:2      | Reached XP level 3. HP: 20/20 MP: 4/11
  1168 | D:2      | Learned a level 3 spell: Mephitic Cloud
  1171 | D:2      | Learned a level 2 spell: Call Imp
  1176 | D:2      | Learned a level 2 spell: Blink
  1180 | D:2      | Learned a level 3 spell: Conjure Flame
  1727 | D:2      | Reached XP level 4. HP: 23/25 MP: 5/13
  2098 | D:2      | Found a shadowy altar of Dithmenos.
  2836 | D:3      | Reached skill level 6 in Spellcasting
  2836 | D:3      | Reached XP level 5. HP: 24/29 MP: 7/15
  4047 | D:3      | Found a white marble altar of Elyvilon.
  4448 | D:4      | Noticed Edmund
  4470 | D:4      | Killed Edmund
  4471 | D:4      | Reached skill level 7 in Spellcasting
  4471 | D:4      | Reached skill level 1 in Fire Magic
  4471 | D:4      | Reached skill level 1 in Poison Magic
  4471 | D:4      | Reached XP level 6. HP: 3/34 MP: 1/18
  4964 | D:4      | Found a shimmering altar of Xom.
  4964 | D:4      | Found an ancient bone altar of Kikubaaqudgha.
  5120 | D:5      | Entered Level 5 of the Dungeon
  5164 | D:5      | Reached skill level 1 in Air Magic
  5166 | D:5      | Reached XP level 7. HP: 39/39 MP: 5/20
  5193 | D:5      | Reached skill level 1 in Evocations
  5525 | D:5      | Reached skill level 8 in Spellcasting
  5573 | D:5      | Noticed a two-headed ogre
  5582 | D:5      | Slain by a two-headed ogre

Illustrated notes

Levels and vault maps discovered:
D:1:      lightli_arrival_flooded_house, layout_loops_ring,
          shapermc_ecumenical_altar_mp_highgroup
D:2:      layout_loops_ring, basic_altar, uniq_jessica
D:3:      layout_loops_corners, lemuel_tele_altar
D:4:      layout_rooms, gammafunk_temple_overflow_wave, uniq_edmund
D:5:      layout_loops_ring, minmay_temple_entry_grid, st_stairs_11,
          uniq_eustachio

Skill      XL: |  1  2  3  4  5  6  7 |
---------------+----------------------+-----
Spellcasting   | 5 6 7 8 |  8.0
Fighting       | 1 2 |  2.0
Armour         | 1 |  1.8
Conjurations   | 2 3 |  3.8
Dodging        | 3 |  3.0
Stealth        | 3 |  3.0
Fire Magic     | 1 |  1.2
Poison Magic   | 1 |  1.0
Air Magic      | 1 |  1.0
Evocations     | 1 |  1.0
Summonings     | |  1.1
Translocations | |  1.1

Action                   |  1- 3 |  4- 6 |  7- 9 || total
-------------------------+-------+-------+-------++-------
Melee: Dagger            |     5 |    17 |    12 ||    34
       Falchion          |       |       |     1 ||     1
 Cast: Magic Dart        |    72 |   180 |    17 ||   269
       Mephitic Cloud    |       |     7 |     2 ||     9
       Conjure Flame     |       |     4 |     5 ||     9
       Call Imp          |       |     7 |     2 ||     9
 Stab: Confused          |       |     2 |     1 ||     3
Armor: Robe              |     2 |       |       ||     2
       Leather armour    |       |    23 |     3 ||    26
Dodge: Dodged            |     2 |    26 |    10 ||    38

Table legend: (Time is in decaauts)
 A = Elapsed time spent in this place.
 B = Non-inter-level travel time spent in this place.
 C = Inter-level travel time spent in this place.
 D = Time resting spent in this place.
 E = Time spent auto-exploring this place.
 F = Levels seen in this place.
 G = Mean time per level.
                   A        B        C        D        E       F      G
               +--------+--------+--------+--------+--------+-----+--------+
         Total |   5569 |   5479 |     90 |    244 |   4479 |   5 | 1113.8 |
       Dungeon |   5569 |   5479 |     90 |    244 |   4479 |   5 | 1113.8 |
               +--------+--------+--------+--------+--------+-----+--------+

Top non-repeatable levels by time:
     D:3: 1746 daAuts
     D:2: 1183 daAuts
     D:1: 1129 daAuts
     D:4: 1053 daAuts
     D:5: 456 daAuts
